 Dungeon Crawl Stone Soup version 0.24.0-13-gcf9b319 (webtiles) character file.

Game seed: 12796601971999669930, levelgen mode: deterministic

273 Doobh the Sneak (level 6, 0/32 HPs)
             Began as a Kobold Enchanter on Jan 22, 2020.
             Shot with an arrow by a centaur (13 damage)
             ... on level 5 of the Dungeon.
             The game lasted 00:11:32 (4495 turns).

Doobh the Sneak (Kobold Enchanter)                  Turns: 4495, Time: 00:11:32

Health: 0/32       AC:  3    Str:  6    XL:     6   Next: 48%
Magic:  4/19       EV: 15    Int: 17    God:
Gold:   177        SH:  0    Dex: 16    Spells: 5/11 levels left

rFire    . . .     SeeInvis .   p - +1 dagger (venom)
rCold    . . .     Gourm    .   (shield restricted)
rNeg     . . .     Faith    .   h - +0 leather armour
rPois    .         Spirit   .   (no helmet)
rElec    .         Reflect  .   (no cloak)
rCorr    .         Harm     .   (no gloves)
MR       .....                  (no boots)
Stlth    +.........             (no amulet)
HPRegen  0.10/turn              i - ring of magical power
MPRegen  0.16/turn              (no ring)

@: lethally poisoned (0 -> -2), very slightly contaminated, glowing
A: small, carnivore
a: no special abilities


You were on level 5 of the Dungeon.
You were completely stuffed.

You visited 2 branches of the dungeon, and saw 6 of its levels.

You collected 177 gold pieces.

Inventory:

Hand Weapons
 a - a +1 dagger
 p - a +1 dagger of venom (weapon)
Missiles
 m - 22 poisoned darts (quivered)
 q - 4 atropa-tipped darts
Armour
 b - a +0 robe
 h - a +0 leather armour (worn)
Jewellery
 i - a ring of magical power (left hand)
Scrolls
 f - a scroll of amnesia {unknown}
 j - a scroll of magic mapping {unknown}
 n - a scroll of immolation
 o - a scroll of remove curse
 r - a scroll of fear {unknown}
 s - a scroll of enchant weapon {unknown}
 u - a scroll of identify
Potions
 c - a potion of might {unknown}
 e - a potion of lignification {unknown}
 g - 2 potions of cancellation
 k - a potion of magic {unknown}
 l - a potion of berserk rage {unknown}
 t - a potion of resistance {unknown}
 v - a potion of curing {unknown}
Comestibles
 d - 8 rations


   Skills:
 * Level 4.9 Short Blades
 + Level 3.6 Dodging
 + Level 5.3 Stealth
 + Level 3.2 Spellcasting
 + Level 3.8 Hexes


You had 5 spell levels left.
You knew the following spells:

 Your Spells              Type           Power        Failure   Level  Hunger
a - Corona                Hex            ###....      5%          1    None
b - Ensorcelled Hibernat  Hex/Ice        #.....       19%         2    ##.....
c - Confuse               Hex            ###.....     17%         3    ###....

Your spell library contained the following spells:

 Spells                   Type           Power        Failure   Level  Hunger
 Tukima's Dance           Hex            ###.....     17%         3    ###....
 Dazzling Spray           Conj/Hex       #.....       36%         3    ###....


Dungeon Overview and Level Annotations

Branches:
Dungeon (5/15)             Temple (1/1) D:4

Altars:
Ashenzari
Elyvilon
Fedhas
Kikubaaqudgha
Nemelex Xobeh
Ru
Vehumet
Yredelemnul
The Shining One

Annotations:
D:3 Grinder


Innate Abilities, Weirdness & Mutations

You are small and have problems with some larger weapons.
You are carnivorous and can eat meat at any time.


Message History

Press: ? - help, Shift-Dir - straight line, f - centaur
Aim: a centaur, wielding a +0 shortbow (chance to defeat MR: 40%)
The centaur resists with some effort.
You feel sick.
The centaur shoots an arrow.
The arrow barely misses you.
The centaur shoots an arrow.
The arrow hits you!
Casting: Ensorcelled Hibernation (safe; 19% risk of failure)
Confirm with . or Enter, or press ? or * to list all spells.
Aiming: Ensorcelled Hibernation (safe; 19% risk of failure)
Press: ? - help, Shift-Dir - straight line, f/p - centaur
Aim: a centaur, wielding a +0 shortbow (chance to defeat MR: 40%)
The centaur resists with some effort.
The centaur shoots an arrow.
The arrow closely misses you.
Casting: Ensorcelled Hibernation (safe; 19% risk of failure)
Confirm with . or Enter, or press ? or * to list all spells.
Aiming: Ensorcelled Hibernation (safe; 19% risk of failure)
Press: ? - help, Shift-Dir - straight line, f/p - centaur
Aim: a centaur, wielding a +0 shortbow (chance to defeat MR: 40%)
You miscast Ensorcelled Hibernation.
Your hands feel numb with cold.
The centaur shoots an arrow.
The arrow hits you!
You die...

#.#........
#.#.#######
#######.#.#
#.......#.#
.c..!...#.#
###.#####.#.#
#c..#.......#
##†###.###.###
#.(@...# #.#
######.# #.#
......#
########


You could see a centaur.

Vanquished Creatures
  A howler monkey (D:5)
  A hound (D:5)
  A centaur skeleton (D:4)
  2 worker ants
  6 adders
  An ooze (D:4)
  An adder skeleton (D:5)
  3 worms (D:2)
  4 dart slugs
  A leopard gecko (D:1)
  An orc (D:5)
  5 bats
  2 giant cockroaches (D:1)
  3 goblins
  6 hobgoblins
  3 jackals (D:3)
  A quokka (D:5)
  3 ball pythons
  6 frilled lizards
  6 kobolds
  A leopard gecko skeleton (D:5)
  2 rats (D:2)
60 creatures vanquished.

Notes
Turn   | Place    | Note
-------+----------+-------------------------------------------
     0 | D:1      | Doobh the Kobold Enchanter began the quest for the Orb.
     0 | D:1      | Reached XP level 1. HP: 10/10 MP: 3/3
   307 | D:1      | Reached XP level 2. HP: 12/15 MP: 5/5
   405 | D:1      | Learned a level 2 spell: Ensorcelled Hibernation
  1077 | D:1      | Reached XP level 3. HP: 14/19 MP: 6/6
  1473 | D:2      | Learned a level 3 spell: Confuse
  1673 | D:2      | Reached XP level 4. HP: 24/24 MP: 7/7
  2182 | D:2      | Reached XP level 5. HP: 28/28 MP: 9/9
  2697 | D:3      | Noticed Grinder
  3099 | D:4      | Found a staircase to the Ecumenical Temple.
  3114 | Temple   | Entered the Ecumenical Temple
  3915 | D:5      | Entered Level 5 of the Dungeon
  3962 | D:5      | Reached skill level 5 in Stealth
  4108 | D:5      | Reached XP level 6. HP: 28/32 MP: 10/10
  4193 | D:5      | Noticed a sky beast
  4495 | D:5      | Shot with an arrow by a centaur

Levels and vault maps discovered:
D:1:      evilmike_arrival_crescent, layout_rooms, wad_floor_pattern_untrapped,
          minmay_misc_feat_encased
D:2:      layout_loops_ring
D:3:      layout_basic, uniq_grinder
D:4:      layout_loops_cross, minmay_temple_entry_waves, first_ration
D:5:      layout_basic, minitemple, gammafunk_ghost_cemetery,
          minmay_fractal_squares_5
Temple:   compressed_dpeg_triangle_lava_temple

Skill      XL: |  1  2  3  4  5 |
---------------+----------------+-----
Short Blades   | 2 3 4 |  4.9
Dodging        | 3 |  3.6
Stealth        | 5 |  5.3
Spellcasting   | 3 |  3.2
Hexes          | |  3.8

Action                   |  1- 3 |  4- 6 || total
-------------------------+-------+-------++-------
Melee: Dagger            |    93 |    90 ||   183
 Cast: Ensorcelled Hiber |    14 |    15 ||    29
       Confuse           |       |     4 ||     4
  Use: Scroll            |       |     6 ||     6
 Stab: Sleeping          |    11 |    16 ||    27
       Confused          |       |     2 ||     2
       Distracted        |       |     1 ||     1
  Eat: Chunk             |    12 |    10 ||    22
Armor: Robe              |    21 |     2 ||    23
       Leather armour    |       |     2 ||     2
Dodge: Dodged            |    87 |    69 ||   156
